 Dungeon Crawl Stone Soup version 0.31-a0-210-gccc998df9b (webtiles) character file.

Game seed: 11047223249400454144

50 123456 the Trooper (level 3, -1/34 HPs)
             Began as a Minotaur Fighter on June 30, 2023.
             Slain by a gnoll
             ... wielding a +0 halberd
              (5 damage)
             ... on level 2 of the Dungeon.
             The game lasted 00:01:15 (852 turns).

123456 the Trooper (Minotaur Fighter)                Turns: 852, Time: 00:01:16

Health: -1/34      AC:  7    Str: 22    XL:     3   Next: 55%
Magic:  2/2        EV: 10    Int:  5    God:
Gold:   35         SH:  0    Dex:  9    Spells: 2/2 levels left

rFire   . . .        a - +0 flail
rCold   . . .        i - orb {light}
rNeg    . . .        b - +0 scale mail
rPois   .            (helmet restricted)
rElec   .            (no cloak)
rCorr   .            (no gloves)
SInv    .            (no boots)
Will    +....        (no amulet) Stlth
                     (no ring)
HPRegen 0.25/turn    (no ring)
MPRegen 0.08/turn

%: no passive effects
@: enlightened, flying, glowing
A: horns 2, retaliatory headbutt
a: no special abilities


You were on level 2 of the Dungeon.
You visited 1 branch of the dungeon, and saw 2 of its levels.

You collected 35 gold pieces.

Inventory:

Hand Weapons
 a - a +0 flail (weapon)
Armour
 b - a +0 scale mail (worn)
 c - a +0 buckler
 i - an orb of light (worn)
Scrolls
 e - a scroll of vulnerability {unknown}
 h - a scroll of silence {unknown}
 j - a scroll of teleportation
Potions
 d - a potion of might
 g - a potion of haste
 k - a potion of cancellation {unknown}


   Skills:
 * Level 4.4 Fighting
 * Level 3.4 Maces & Flails
 + Level 3.9 Armour
 + Level 1.0 Dodging
 - Level 3.6 Shields


You had 2 spell levels left.
You didn't know any spells.
Your spell library was empty.

Dungeon Overview and Level Annotations

Branches:
Dungeon (2/15)

Altars:


Innate Abilities, Weirdness & Mutations

You have a pair of horns on your head.
You reflexively headbutt those who attack you in melee.


Message History

A gnoll comes into view. It is wielding a +0 whip.
A gnoll comes into view. It is wielding a +0 flail.
The gnoll shouts!
The gnoll hits you with a +0 halberd!
You see here 10 gold pieces.
You sock the gnoll!
The gnoll is almost dead.
The gnoll barely misses you.
You barely miss the gnoll.
The gnoll is almost dead.
The gnoll hits you with a +0 halberd!
You are too injured to fight recklessly!
You are too injured to fight recklessly!
You are too injured to fight recklessly!
Unknown command.
The gnoll attacks as you move away! The gnoll hits you with a +0 halberd.
The gnoll barely misses you.
You hit the gnoll. You headbutt the gnoll.
The gnoll is severely wounded.
The gnoll closely misses you.
The gnoll hits you from afar with a +0 halberd.
* * * LOW HITPOINT WARNING * * *
You barely miss the gnoll.
The gnoll is severely wounded.
The gnoll closely misses you.
The gnoll hits you from afar with a +0 halberd.
* * * LOW HITPOINT WARNING * * *
You barely miss the gnoll. You headbutt the gnoll.
You kill the gnoll!
The gnoll misses you. The gnoll barely misses you.
The gnoll hits you but does no damage.
It was a potion of enlightenment.
You feel very buoyant.
You fly up into the air.
The gnoll hits you but does no damage. The gnoll barely misses you.
You thump the gnoll!
You headbutt the gnoll, but do no damage.
The gnoll is severely wounded.
The gnoll hits you from afar with a +0 halberd.
You die...

....... #...... .......
.. ....... #......# ..
....... #......#...
....... ####......#...
#.....g#####.............
.......g@................
#....#####..............
#....######>......)..####
# .......................
#.....#...###...†..###.
................†......
#..............########
..#####.######...###### #
..# ###.......


You could see 2 gnolls.

Vanquished Creatures
  A gnoll (D:2)
  An adder (D:2)
  A dart slug (D:1)
  2 endoplasms (D:1)
  3 goblins
  4 hobgoblins (D:1)
  4 jackals (D:1)
  3 ball pythons (D:1)
  3 frilled lizards
  5 kobolds (D:1)
  3 rats (D:1)
30 creatures vanquished.

Notes
Turn   | Place    | Note
-------+----------+-------------------------------------------
     0 | D:1      | 123456 the Minotaur Fighter began the quest for the Orb.
     0 | D:1      | Reached XP level 1. HP: 19/19 MP: 0/0
    21 | D:1      | Reached XP level 2. HP: 16/27 MP: 1/1
   148 | D:1      | Reached skill level 4 in Fighting
   424 | D:1      | Reached XP level 3. HP: 33/33 MP: 2/2
   830 | D:2      | Reached skill level 1 in Dodging
   852 | D:2      | Slain by a gnoll

Illustrated notes

Levels and vault maps discovered:
D:1:      wander_arrival_fairy_ring, layout_basic, minmay_misc_feat_tower
D:2:      layout_rooms, basic_altar, minmay_divided_ellipse

Skill      XL: |  1  2  3 |
---------------+----------+-----
Fighting       | 4 |  4.4
Maces & Flails | 3 |  3.4
Dodging        | 1 |  1.0
Armour         | |  3.9
Shields        | |  3.6

Action                     || total
---------------------------++-------
  Melee: Flail             ||    60
         Headbutt          ||    10
    Use: Scroll            ||     2
         Potion            ||     1
 Armour: Scale mail        ||    23
  Dodge: Dodged            ||    39
  Block: Buckler           ||     9

Table legend: (Time is in decaauts)
 A = Elapsed time spent in this place.
 B = Non-inter-level travel time spent in this place.
 C = Inter-level travel time spent in this place.
 D = Time resting spent in this place.
 E = Time spent auto-exploring this place.
 F = Levels seen in this place.
 G = Mean time per level.
                   A        B        C        D        E       F      G
               +--------+--------+--------+--------+--------+-----+--------+
         Total |    868 |    855 |     13 |      0 |    680 |   2 |  434.0 |
       Dungeon |    868 |    855 |     13 |      0 |    680 |   2 |  434.0 |
               +--------+--------+--------+--------+--------+-----+--------+

Top non-repeatable levels by time:
     D:1: 799 daAuts
     D:2: 69 daAuts
